 Dungeon Crawl Stone Soup version 0.18.1-48-g4cf74bf (webtiles) character file.

2378 tyranidshit the Fighter (level 9, 0/93 HPs)
             Began as a Deep Dwarf Necromancer on July 22, 2016.
             Was a Follower of Makhleb.
             Slain by an orc warrior
             ... wielding a +0 glaive
              (21 damage)
             ... on level 7 of the Dungeon.
             The game lasted 00:22:57 (5683 turns).

tyranidshit the Fighter (Deep Dwarf Necromancer)    Turns: 5683, Time: 00:22:57

Health: 0/93       AC: 10    Str: 15    XL:     9   Next: 21%
Magic:  12/12      EV:  7    Int: 16    God:    Makhleb [*.....]
Gold:   347        SH:  7    Dex: 13    Spells: 1 memorised, 10 levels left

rFire  . . .     SeeInvis .     f - +0 war axe
rCold  . . .     Gourm    .     d - +0 scale mail
rNeg   . . .     Faith    .     p - +0 shield
rPois  .         Spirit   .     u - +1 helmet
rElec  .         Dismiss  .     (no cloak)
rCorr  .         Reflect  .     (no gloves)
SustAt .         Harm     .     w - +1 pair of boots
MR     +....     Rnd*Tele +     l - amulet of rage
Stlth  +.........               k - ring of teleportation (curse)
                                n - ring of magical power

@: non-regenerating, somewhat resistant to hostile enchantments, very unstealthy
A: damage resistance, recharge devices, sense surroundings 2, slow regeneration
3
a: Device Recharging, Renounce Religion, Evoke Berserk Rage


You were on level 7 of the Dungeon.
You worshipped Makhleb.
Makhleb was aware of your devotion.
You were not hungry.

You visited 2 branches of the dungeon, and saw 8 of its levels.

You collected 359 gold pieces.
You spent 12 gold pieces at shops.

Inventory:

Hand Weapons
 f - a +0 war axe (weapon)
Armour
 d - a +0 scale mail (worn)
 p - a +0 shield (worn)
 u - a +1 helmet (worn)
 w - a +1 pair of boots (worn)
Jewellery
 k - a cursed ring of teleportation (right hand)
 l - an amulet of rage (around neck)
 n - a ring of magical power (left hand)
 t - a +4 ring of intelligence
Wands
 a - a wand of enslavement (3/24)
 c - a wand of heal wounds (0/9)
 o - a wand of flame (0/48)
 q - a wand of slowing (10/48)
 v - a wand of slowing (26/48)
Scrolls
 g - 5 scrolls of identify
 x - a scroll of teleportation
 A - a scroll of enchant armour
Potions
 e - 3 potions of might
 m - a potion of lignification
 r - 2 potions of degeneration
 s - a potion of cancellation
 z - a potion of curing
Books
 b - a book of Necromancy

   Spells                             Type                      Level
   a - Pain                           Necromancy                   1
   b - Animate Skeleton               Necromancy                   1
   c - Vampiric Draining              Necromancy                   3
   d - Regeneration                   Charms/Necromancy            3
   e - Animate Dead                   Necromancy                   4
   f - Control Undead                 Necromancy                   4
 y - a book of Debilitation

   Spells                             Type                      Level
   a - Corona                         Hexes                        1
   b - Slow                           Hexes                        2
   c - Gell's Gravitas                Hexes/Translocation          3
   d - Inner Flame                    Hexes/Fire                   3
   e - Cause Fear                     Hexes                        4
   f - Leda's Liquefaction            Hexes/Earth                  4
Comestibles
 h - 2 meat rations
 i - 3 slices of pizza
 j - a royal jelly


   Skills:
 + Level 9.9 Fighting
 + Level 6.4 Axes
 - Level 2.1 Dodging
 - Level 2.4 Stealth
 - Level 1.7 Spellcasting
 - Level 4.3 Necromancy


You had 10 spell levels left.
You knew the following spells:

 Your Spells              Type           Power        Failure   Level  Hunger
a - Pain                  Necr           ###.         93%         1    ##.....


Dungeon Overview and Level Annotations

Branches:
Dungeon (7/15)             Temple (1/1) D:6

Altars:
Ashenzari
Cheibriados
Dithmenos
Elyvilon
Fedhas
Gozag
Kikubaaqudgha
Makhleb
Nemelex Xobeh
Okawaru
Pakellas
Qazlal
Ru
Sif Muna
Vehumet
Xom
Yredelemnul
The Shining One

Shops:
D:6 *

Annotations:
D:4 exclusion: statue


Innate Abilities, Weirdness & Mutations

You are resistant to damage.
You can recharge devices by infusing magical energy.
You passively map the area around you.
You do not regenerate naturally.


Message History

The orc wizard resists with some effort.
This wand has 4 charges left.
You block the orc warrior's attack. The orc wizard completely misses you.
Evoke which item? (* to show all) (? for menu, Esc to quit)
Zapping:
a - a wand of enslavement (4/24)
Press: ? - help, Shift-Dir - straight line, f/p - orc wizard
Aim: an orc wizard, wielding a dagger and wearing a robe (severely wounded, chance to defeat MR: 46%)
The orc wizard is charmed.
This wand has 3 charges left.
The orc warrior hits you from afar with a glaive.
* * * LOW HITPOINT WARNING * * *
Evoke which item? (* to show all) (? for menu, Esc to quit)
Zapping:
q - a wand of slowing {zapped: 14} (will waste charges)
Press: ? - help, Shift-Dir - straight line, f - orc warrior, p - orc wizard
Aim: an orc warrior, wielding a glaive and wearing a plate armour (chance to defeat MR: 51%) Really fire in your orc wizard's direction? [Y]es or [N]o only, please.
Really fire in your orc wizard's direction?
Okay, then.
The orc warrior hits you from afar with a glaive!!
You die...

#.....>..............
#.......##.##########
#............†.†...# *
###...#+#.(#########'##
......+_'..# #.y..
###...#+#).# #....
*#.......## #....
#..+.....# #..(.
#.##.@.### #.... ,
#..o# #†... ......o. ,
#†... ###...####,*
###.. #...# , #.#
####.,** * #.. * * # *
* * ### * * *, * , * *
**


You could see an orc warrior and a friendly orc wizard.

Vanquished Creatures
  Sigmund (D:3)
  2 killer bees (D:7)
  A hungry ghost (D:7)
  A hippogriff (D:7)
  Edmund (D:6)
  A sky beast (D:6)
  A wasp (D:7)
  A phantom (D:5)
  Blork the orc (D:6)
  A giant frog (D:6)
  A howler monkey (D:6)
  2 crimson imps
  2 giant frog zombies (D:5)
  4 hounds
  A centaur zombie (D:5)
  A centaur skeleton (D:4)
  8 orc wizards
  A giant frog skeleton (D:4)
  4 orc priests (D:4)
  A gnoll shaman (D:4)
  An iguana (D:6)
  Ijyb (D:3)
  2 worker ants
  7 gnolls
  2 howler monkey skeletons
  11 adders
  An ooze (D:3)
  An adder zombie (D:5)
  2 adder skeletons
  3 worms
  4 giant geckos
  28 orcs
  7 giant cockroaches
  6 goblins
  3 hobgoblins
  7 jackals
  15 kobolds
  6 bats
  A giant gecko skeleton (D:4)
  8 giant newts
  A jackal zombie (D:6)
  9 rats
162 creatures vanquished.

Vanquished Creatures (collateral kills)
  A big kobold (D:7)
  3 killer bees (D:7)
  A crimson imp (D:7)
  3 kobolds (D:7)
8 creatures vanquished.

Vanquished Creatures (others)
  A centaur (D:7)
  A killer bee (D:7)
2 creatures vanquished.

Grand Total: 172 creatures vanquished

Notes
Turn   | Place    | Note
--------------------------------------------------------------
     0 | D:1      | tyranidshit the Deep Dwarf Necromancer began the quest for the Orb.
     0 | D:1      | Reached XP level 1. HP: 15/15 MP: 3/3
   155 | D:1      | Reached skill level 1 in Fighting
   188 | D:1      | Reached XP level 2. HP: 18/25 MP: 1/4
   284 | D:1      | Reached skill level 2 in Fighting
   710 | D:2      | Reached XP level 3. HP: 11/33 MP: 5/5
   752 | D:2      | Found a shattered altar of Ashenzari.
   834 | D:2      | Found a shimmering altar of Xom.
  1147 | D:2      | Reached skill level 3 in Fighting
  1363 | D:3      | Reached XP level 4. HP: 35/42 MP: 6/6
  1397 | D:3      | HP: 1/42 [orc/flail (6)]
  1532 | D:3      | Noticed Ijyb
  1544 | D:3      | Killed Ijyb
  1544 | D:3      | Reached skill level 4 in Fighting
  1544 | D:3      | Reached XP level 5. HP: 36/50 MP: 6/6
  1651 | D:3      | Found an iron altar of Okawaru.
  2061 | D:3      | Noticed Sigmund
  2063 | D:3      | Found a snail-covered altar of Cheibriados.
  2086 | D:3      | HP: 2/51 [something (8)]
  2116 | D:3      | Killed Sigmund
  2116 | D:3      | Reached skill level 5 in Fighting
  2116 | D:3      | Reached XP level 6. HP: 23/61 MP: 7/7
  2371 | D:4      | Reached skill level 6 in Fighting
  2483 | D:4      | Found an opulent altar of Gozag.
  2568 | D:4      | Reached XP level 7. HP: 26/70 MP: 7/7
  2588 | D:4      | Found a shadowy altar of Dithmenos.
  2697 | D:4      | Reached skill level 7 in Fighting
  3179 | D:4      | Found a radiant altar of Vehumet.
  3402 | D:4      | Noticed a hungry ghost
  3555 | D:5      | Entered Level 5 of the Dungeon
  3596 | D:5      | Reached skill level 8 in Fighting
  3932 | D:5      | Found a glowing golden altar of the Shining One.
  4026 | D:5      | Reached XP level 8. HP: 25/82 MP: 4/4
  4066 | D:5      | Reached skill level 1 in Axes
  4160 | D:5      | Found a basalt altar of Yredelemnul.
  4356 | D:6      | Found a staircase to the Ecumenical Temple.
  4439 | Temple   | Entered the Ecumenical Temple
  4515 | Temple   | Became a worshipper of Makhleb the Destroyer
  4569 | D:6      | Noticed Blork the orc
  4581 | D:6      | Killed Blork the orc
  4614 | D:6      | Found a sparkling altar of Nemelex Xobeh.
  4624 | D:6      | Noticed Edmund
  4638 | D:6      | Killed Edmund
  4640 | D:6      | Reached skill level 9 in Fighting
  4770 | D:6      | Found Syolojig's General Store.
  4782 | D:6      | Bought a potion of degeneration for 12 gold pieces
  4986 | D:6      | Found an oddly glowing altar of Pakellas.
  5292 | D:7      | Reached skill level 5 in Axes
  5402 | D:7      | Reached * piety under Makhleb
  5431 | D:7      | Gained mutation: You passively map the area around you. [Deep Dwarf growth]
  5431 | D:7      | Reached XP level 9. HP: 36/92 MP: 3/3
  5525 | D:7      | Found an ancient bone altar of Kikubaaqudgha.
  5605 | D:7      | Found a white marble altar of Elyvilon.
  5683 | D:7      | Slain by an orc warrior

Skill      XL: |  1  2  3  4  5  6  7  8  9 |
---------------+----------------------------+-----
Fighting       | 1 2 3 4 5 6 8 9 |  9.9
Axes           | 5 6 |  6.4
Dodging        | |  2.1
Stealth        | |  2.4
Spellcasting   | |  1.7
Necromancy     | |  4.3

Action                   |  1- 3 |  4- 6 |  7- 9 || total
-------------------------+-------+-------+-------++-------
Melee: Unarmed           |     5 |       |       ||     5
       Dagger            |    36 |   229 |       ||   265
       Hand axe          |    81 |    78 |   207 ||   366
       War axe           |       |       |   261 ||   261
 Cast: Pain              |    10 |       |       ||    10
 Abil: Device Recharging |       |     2 |     6 ||     8
Evoke: Wand              |     4 |    38 |    72 ||   114
  Use: Potion            |     5 |     3 |     5 ||    13
       Scroll            |     3 |     2 |     7 ||    12
 Stab: Sleeping          |    10 |     2 |       ||    12
  Eat: Bread ration      |     1 |     1 |     4 ||     6
       Meat ration       |       |       |     5 ||     5
Armor: Robe              |    17 |    49 |       ||    66
       Scale mail        |       |    17 |   358 ||   375
Dodge: Dodged            |    80 |    78 |   225 ||   383
Block: Shield            |    17 |    96 |   292 ||   405
